 Dungeon Crawl Stone Soup version 0.16-a0-1885-g0f03bb0 (webtiles) character file.

89 timbw the Chopper (level 4, 0/23 HPs)
             Began as a Vine Stalker Berserker on Nov 6, 2014.
             Was a Believer of Trog.
             Succumbed to a worker ant's poison
             ... on level 4 of the Dungeon.
             The game lasted 00:03:46 (645 turns).

timbw the Chopper (Vine Stalker Berserker)           Turns: 645, Time: 00:03:46

Health: 0/23       AC: 10    Str: 20    XL:     4   Next: 55%
Magic:  1/5        EV:  7    Int:  7    God:    Trog [**....]
Gold:   64         SH:  0    Dex: 14    Spells: 0 memorised, 3 levels left

rFire  . . .     SeeInvis .     a - +0 hand axe
rCold  . . .     Clarity  .     g - +0 chain mail (curse)
rNeg   . . .     SustAb   .     (no shield)
rPois  .         Gourm    .     (no helmet)
rElec  .         Spirit   +     e - +0 cloak
rCorr  .         Warding  .     f - +0 pair of gloves (curse)
rMut   .         Stasis   .     (no boots)
MR     ++...                    h - cursed amulet of inaccuracy
Stlth  ..........               (no ring)
                                (no ring)

@: lethally poisoned, regenerating, very resistant to hostile enchantments,
extremely unstealthy
A: fangs 2, regeneration 1, magic shield, antimagic bite, no device heal 3, rot
immunity
a: Burn Spellbooks, Berserk, Trog's Hand, Renounce Religion


You were on level 4 of the Dungeon.
You worshipped Trog.
Trog was pleased with you.
You were not hungry.

You visited 1 branch of the dungeon, and saw 4 of its levels.

You collected 64 gold pieces.

Inventory:

Hand weapons
 a - a +0 hand axe (weapon)
Armour
 b - a +0 animal skin
 e - a +0 cloak (worn)
 f - a cursed +0 pair of gloves (worn)
 g - a cursed +0 chain mail (worn)
 j - a +0 pair of gloves
Jewellery
 h - a cursed amulet of inaccuracy (around neck)
Scrolls
 i - a scroll of teleportation {unknown}
Potions
 d - a potion of heal wounds {unknown}
Comestibles
 c - 2 bread rations


   Skills:
 - Level 2.6 Fighting
 + Level 4.7 Axes
 - Level 1.5 Armour
 - Level 1.5 Dodging


You had 3 spell levels left.
You didn't know any spells.

Dungeon Overview and Level Annotations

Branches:
Dungeon (4/15)
 Temple: D:4-7

Altars:
Ru


Innate Abilities, Weirdness & Mutations

You have extremely sharp teeth.
Your natural rate of healing is unusually fast.
When hurt, damage is shared between your health and your magic reserves.
Your bite disrupts and absorbs the magic of your enemies.
Potions and wands cannot restore your health.
You are immune to rotting.


Message History

The worker ant bites you but does no damage.
You hit the worker ant but do no damage.
The worker ant is severely wounded.
The worker ant closely misses you. The worker ant bites you.
* * * LOW HITPOINT WARNING * * *
Unknown command.
Use which ability? (? or * to list)
Okay, then.
You closely miss the worker ant.
The worker ant is severely wounded.
You feel sick. The worker ant bites you.
* * * LOW HITPOINT WARNING * * *
You are more poisoned.
The worker ant poisons you!
Use which ability? (? or * to list)
Your skin crawls.
You feel resistant to hostile enchantments.
You feel slightly more hungry.
You feel less exhausted.
You die...

. + .. <... ....
...... ..... ......
...... ....#
.....##########...#
##
#.a...#...##...##...
#..@..'...'.........
+.....#...#.........
#.....#...#....##...
#.....#+####...# ...
##..... ###...##...
#...... #..........
+.......#..........
#.......+..........
.......#####'#####


You could see a worker ant.

Vanquished Creatures
  4 gnolls (D:4)
  2 adders
  A worm (D:2)
  3 orcs (D:3)
  4 bats
  2 giant cockroaches (D:3)
  5 goblins
  2 hobgoblins (D:2)
  A kobold (D:2)
  A quokka (D:4)
  A plant (D:3)
26 creatures vanquished.

Notes
Turn   | Place    | Note
--------------------------------------------------------------
     0 | D:1      | timbw, the Vine Stalker Berserker, began the quest for the Orb.
     0 | D:1      | Reached XP level 1. HP: 11/11 MP: 1/1
    63 | D:1      | Reached skill level 3 in Axes
   139 | D:2      | Reached XP level 2. HP: 7/16 MP: 3/3
   250 | D:2      | Reached XP level 3. HP: 17/19 MP: 4/4
   384 | D:3      | Reached skill level 4 in Axes
   404 | D:3      | Found a sacrificial altar of Ru.
   597 | D:4      | Acquired Trog's second power
   598 | D:4      | Reached XP level 4. HP: 9/23 MP: 5/5
   606 | D:4      | HP: 1/23 [poisoned by an adder]
   644 | D:4      | HP: 1/23 [worker ant (1)]
   645 | D:4      | Succumbed to a worker ant's poison

Action                   |  1- 3 |  4- 6 || total
-------------------------+-------+-------++-------
Melee: Hand axe          |   107 |    20 ||   127
Invok: Berserk           |     3 |       ||     3
       Trog's Hand       |       |     3 ||     3
  Use: Scroll            |     2 |       ||     2
  Eat: Bread ration      |     1 |       ||     1
